Cogmind - Beta 13 @@@ ROGUE MODE // 2024.04.03 @ 23:58:05 Player: Rizzen Result: Destroyed by AG-GVO(R) with Subdweller Machine Gun Performance ------------- Evolutions (0) 0 Regions Visited (3) 600 Robots Destroyed (57) 285 Value Destroyed (1349) 1349 Prototype IDs (3) 60 Alien Tech Used (0) 0 Bonus (0) 0 TOTAL SCORE: 2294 Bonus ------- None Cogmind --------- Core Integrity 0/250 Matter 247/300 Energy 100/100 System Corruption 0% Temperature Cool (0) Movement Core (800) Ox15 Location -10/Subcaves Parts ------- > --- POWER (1) -------- (None) > --- PROPULSION (2) --- (None) > --- UTILITY (2) ------ High-capacity Storage Unit Light Armor Plating > --- WEAPON (2) ------- Battle Rifle Battle Rifle > --- INVENTORY (20) --- Improved Ion Engine Improved Heat Sink Improved Heat Sink High-capacity Matter Pod (200) Subdweller Optics Targeting Computer Armor Integrity Analyzer Hacking Suite Assault Rifle Assault Rifle Assault Rifle Battle Cannon Battle Cannon Battle Cannon Grenade Launcher Peak State ------------ > --- POWER ------------ Light Nuclear Core > --- PROPULSION ------- Light Treads Light Treads > --- UTILITY ---------- High-capacity Storage Unit Signal Interpreter > --- WEAPON ----------- Battle Rifle Battle Rifle > --- INVENTORY -------- Improved Ion Engine Light Treads Light Treads Improved Heat Sink Improved Heat Sink High-capacity Matter Pod Subdweller Optics Targeting Computer Armor Integrity Analyzer Light Armor Plating Light Armor Plating Hacking Suite Assault Rifle Assault Rifle Assault Rifle Battle Cannon Grenade Launcher Datajack [Rating: 14] Favorites ----------- Power Light Nuclear Core Engine Improved Ion Engine Power Core Light Nuclear Core Propulsion Light Treads Treads Light Treads Utility High-capacity Storage Unit Device Sensor Array Storage High-capacity Storage Unit Processor Signal Interpreter Hackware Hacking Suite Protection Light Armor Plating Weapon Assault Rifle Ballistic Gun Assault Rifle Ballistic Cannon Battle Cannon Launcher Grenade Launcher Special Weapon Welding Torch Special Melee Weapon Datajack Build | -11 -10 -10 -10 ------- Run | Yrd Mat Min Sub Slots Evolved . | . . . . Power . | . . . . Propulsion . | . . . . Utility . | . . . . Weapon . | . . . . Parts Attached 50 | 8 15 4 23 Power 8 | 1 2 1 4 Engine 5 | 1 2 . 2 Core 3 | . . 1 2 Reactor . | . . . . Propulsion 9 | 2 2 1 4 Treads 9 | 2 2 1 4 Leg . | . . . . Wheel . | . . . . Hover . | . . . . Flight . | . . . . Utility 10 | 3 5 . 2 Device 3 | 2 1 . . Storage 2 | 1 1 . . Processor 2 | . 2 . . Hackware 1 | . 1 . . Protection 2 | . . . 2 Artifact . | . . . . Weapon 23 | 2 6 2 13 Energy Gun . | . . . . Energy Cannon . | . . . . Ballistic Gun 17 | 2 4 1 10 Ballistic Cannon 1 | . . . 1 Launcher 3 | . 1 . 2 Special Weapon 1 | . . 1 . Impact Weapon . | . . . . Slashing Weapon . | . . . . Piercing Weapon . | . . . . Special Melee Weapon 1 | . 1 . . Unidentified Prototypes . | . . . . Parts Lost 12 | . 2 . 10 Power 3 | . 1 . 2 Propulsion 5 | . 1 . 4 Utility 1 | . . . 1 Weapon 3 | . . . 3 Highest Loss Streak 5 | . 2 . 5 To Critical Strikes . | . . . . Average Slot Usage (%) 99 | . 98 100 99 Engine 5 | . 13 . 1 Core 8 | . . 13 12 Treads 27 | . 27 28 27 Storage 14 | . 14 14 14 Processor 9 | . 6 14 8 Hackware 2 | . 6 . . Protection 2 | . . . 5 Ballistic Gun 26 | . 27 27 25 Launcher 1 | . . . 2 Naked Turns . | . . . . Heaviest Build 54 | 15 52 51 54 Greatest Support 40 | 40 40 40 40 Greatest Overweight (x) 2 | . 2 1 2 Average Overweight (x) . | . . 1 1 Largest Inventory Capacity 20 | 8 20 20 20 Average Capacity 19 | 7 18 20 20 Most Carried 20 | 5 18 20 20 Average Carried 16 | 2 12 17 18 Final Capacity 20 | 8 20 20 20 Final Carried 18 | 3 16 18 15 Class Distribution -------------------- 56% | Mutant 43% | Scavenger-Mutant Dominant Class ---------------- Mutant | -10/Materials Scavenger-Mutant | -10/Mines Mutant | -10/Subcaves Resources | -11 -10 -10 -10 ----------- Run | Yrd Mat Min Sub Matter Collected 1604 | 360 556 192 496 Remotely . | . . . . Salvage Created 1897 | 224 906 307 460 Parts 134 | 22 58 23 31 Haulers Intercepted 2 | . 2 . . Recyclers Shooed 2 | . 2 . . Parts Field Recycled . | . . . . Retrieved Matter . | . . . . Parts Self-Destructed 11 | . . . 11 Prevented . | . . . . Kills | -11 -10 -10 -10 ------- Run | Yrd Mat Min Sub Combat Hostiles Destroyed 33 | . 14 6 13 Guns 30 | . 14 6 10 Cannons 1 | . . . 1 AOE 2 | . . . 2 Classes Destroyed 12 | 3 6 . 3 Worker 3 | 2 1 . . Builder 3 | . 1 2 . Tunneler 5 | 5 . . . Hauler 2 | . 2 . . Recycler 3 | 1 2 . . Operator 3 | . 3 . . Turret 2 | . . . 2 Watcher 3 | . 3 . . Swarmer 6 | . 3 . 3 Grunt 17 | . 11 6 . Sentry 1 | . . . 1 Subdweller 9 | . . . 9 Best Kill Streak 4 | 4 4 2 2 Combat Bots Only 4 | . 4 2 2 Max Kills in Single Turn 2 | 1 2 1 1 Gunslinging 1 | . 1 . . Exploded 1 | . . . 1 Melee . | . . . . Uniques/NPCs Destroyed . | . . . . Combat | -11 -10 -10 -10 -------- Run | Yrd Mat Min Sub Hostile Shots Fired 191 | . 76 21 94 Missed 61 | . 18 8 35 Damage Taken 1938 | . 669 188 1081 Core 272 | . 105 34 133 Absorbed by Shields . | . . . . Regen/Repaired (Parts) 82 | . 82 . . Core Remaining (%) 100 | 100 . . . Volleys Fired 157 | 15 78 17 47 Largest 2 | 2 2 2 2 Hottest 69 | 40 40 40 69 Shots Fired 312 | 30 154 34 94 Gun 299 | 30 152 34 83 Cannon 3 | . . . 3 Launcher 10 | . 2 . 8 Special . | . . . . Kinetic 302 | 30 152 34 86 Thermal . | . . . . Explosive 10 | . 2 . 8 Electromagnetic . | . . . . Robot Hit Streak 22 | 5 9 9 22 Robot Miss Streak 4 | 3 4 2 2 Penetration Max . | . . . . Secondary Targets 6 | . 5 1 . Max Gunslinging Chain 1 | . 1 1 . Shots Hit Robots 210 | 18 95 24 73 Core Hits 95 | 9 45 16 25 Critical Kills 1 | . 1 . . Critical Parts Destroyed 1 | . 1 . . Critical Strikes 4 | . 2 . 2 Destroy 4 | . 2 . 2 Melee Attacks 2 | . 2 . . Impact . | . . . . Slashing . | . . . . Piercing . | . . . . Sneak Attacks 2 | . 2 . . Combat Hostiles . | . . . . Follow-up Attacks . | . . . . Damage Inflicted 2811 | 245 1160 303 1103 Guns 2480 | 245 1153 303 779 Cannons 55 | . . . 55 Explosions 269 | . . . 269 Melee . | . . . . Ramming 7 | . 7 . . Kinetic 2535 | 245 1153 303 834 Thermal . | . . . . Explosive 269 | . . . 269 Electromagnetic . | . . . . Impact . | . . . . Slashing . | . . . . Piercing . | . . . . Highest Corruption . | . . . . Average Corruption . | . . . . Corruption Purged . | . . . . Corruption Blocked . | . . . . Overload Shots . | . . . . Overflow Damage 8 | . . . 8 Projectiles . | . . . . Explosions 8 | . . . 8 Melee . | . . . . Knockbacks . | . . . . Impact . | . . . . Kinetic . | . . . . Secondary . | . . . . Self-Inflicted Damage 11 | . . . 11 Shots 1 | . . . 1 Rammed 1 | . 1 . . Targets Rammed 1 | . 1 . . Kicked . | . . . . Crushed . | . . . . Highest Temperature 9 | . 5 9 . Average Temperature 3 | . 2 3 . Received Heat Transfer 690 | . 351 111 228 Siege Activations . | . . . . Robots Corrupted . | . . . . Combat Hostiles . | . . . . Parts Fried . | . . . . Impact Corruptions . | . . . . Robots Melted . | . . . . Combat Hostiles . | . . . . Parts Melted . | . . . . Heat Transferred . | . . . . Parts Sabotaged . | . . . . Parts Stolen . | . . . . Parts Stripped . | . . . . Power Chain Reactions . | . . . . Alert | -11 -10 -10 -10 ------- Run | Yrd Mat Min Sub Peak Influence 279 | 40 279 63 . Initial 26 | . 26 13 . Average 41 | 21 59 16 . Maximum Alert Level 1 | . 1 . . Low Security (%) 95 | 100 91 100 . Level 1 4 | . 8 . . Level 2 . | . . . . Level 3 . | . . . . Level 4 . | . . . . Level 5 . | . . . . High Security . | . . . . Max Security . | . . . . Squads Dispatched 4 | . 4 . . Investigation 1 | . 1 . . Extermination . | . . . . Reinforcement 3 | . 3 . . Assault . | . . . . Garrison . | . . . . Intercept . | . . . . Searches Triggered . | . . . . Construction Impeded . | . . . . Haulers Reinforced . | . . . . Active Scanning Responses . | . . . . Cargo Convoy Interrupts . | . . . . Stealth | -11 -10 -10 -10 --------- Run | Yrd Mat Min Sub Distress Signals 2 | . 2 . . Communications Jammed . | . . . . Distress Signals . | . . . . Times Spotted 66 | . 31 6 29 Peak Tracking Total 4 | . 4 2 3 Tactical Retreats 6 | . 2 . 4 Traps | -11 -10 -10 -10 ------- Run | Yrd Mat Min Sub Traps Triggered 1 | . . . 1 Indirectly . | . . . . Trap Hack Attempts . | . . . . Triggered . | . . . . Disarmed 2 | . 2 . . Reprogrammed . | . . . . Reused . | . . . . Traps Extracted . | . . . . Installed . | . . . . Triggered . | . . . . Machines | -11 -10 -10 -10 ---------- Run | Yrd Mat Min Sub Machines Disabled 1 | . 1 . . Max in Single Turn 1 | . 1 . . Machines Repaired . | . . . . Machines Dismantled . | . . . . Machines Sabotaged . | . . . . Overloaded Fab Kills . | . . . . Hacking | -11 -10 -10 -10 --------- Run | Yrd Mat Min Sub Machines Accessed 9 | . 8 . 1 Terminals 5 | . 5 . . Fabricators . | . . . . Repair Stations 1 | . 1 . . Recycling Units 2 | . 2 . . Scanalyzers . | . . . . Garrison Access . | . . . . Total Hacks 19 | . 16 . 3 Successful 15 | . 12 . 3 Failed 4 | . 4 . . Catastrophic 3 | . 3 . . Database Lockouts . | . . . . Manual . | . . . . Terminals 11 | . 11 . . Fabricators . | . . . . Repair Stations 3 | . 3 . . Recycling Units 2 | . 2 . . Scanalyzers . | . . . . Garrison Access . | . . . . Terminal Hacks 10 | . 7 . 3 Record 3 | . . . 3 Robot Analysis 1 | . 1 . . Prototype ID Bank 2 | . 2 . . Alert Level 1 | . 1 . . Disarm Traps 1 | . 1 . . Maintenance Status 1 | . 1 . . Zone Layout 1 | . 1 . . Fabricator Hacks . | . . . . Repair Station Hacks 3 | . 3 . . Scan Component 2 | . 2 . . Repair 1 | . 1 . . Recycling Unit Hacks 2 | . 2 . . Report Inventory 2 | . 2 . . Scanalyzer . | . . . . Garrison Access Hacks . | . . . . Unauthorized Hacks . | . . . . Terminals . | . . . . Fabricators . | . . . . Repair Stations . | . . . . Recycling Units . | . . . . Scanalyzers . | . . . . Garrison Access . | . . . . Data Cores Recovered . | . . . . Used . | . . . . Hacking Detections 4 | . 4 . . Full Trace Events 2 | . 2 . . Feedback Events . | . . . . Feedback Blocked . | . . . . Robot Schematics Acquired . | . . . . Robots Built . | . . . . Authchips . | . . . . Time . | . . . . Total Robot Build Rating . | . . . . Part Schematics Acquired . | . . . . Parts Built . | . . . . Authchips . | . . . . Time . | . . . . Total Part Build Rating . | . . . . Parts Repaired 1 | . 1 . . Time 26 | . 26 . . Parts Recycled . | . . . . Recycled Matter . | . . . . Retrieved Matter . | . . . . Retrieved Components . | . . . . Parts Scanalyzed . | . . . . Part Schematics Acquired . | . . . . Parts Damaged . | . . . . Bothacking | -11 -10 -10 -10 ------------ Run | Yrd Mat Min Sub Used RIF Installer . | . . . . Robots Hacked 1 | . 1 . . Non-combat 1 | . 1 . . Combat . | . . . . Robot Hacks Applied 2 | . 2 . . parse_system 1 | . 1 . . no_distress 1 | . 1 . . Relay Couplers Released . | . . . . Fabnet Peak Effective % . | . . . . Robots Rewired . | . . . . Allies Hacked . | . . . . Hacks Repelled . | . . . . Allies | -11 -10 -10 -10 -------- Run | Yrd Mat Min Sub Total Allies . | . . . . Largest Group . | . . . . Highest-Rated Group . | . . . . Highest-Rated Ally . | . . . . Total Orders . | . . . . Ally Attacks . | . . . . Total Damage . | . . . . Kills . | . . . . Allies Corrupted . | . . . . Allies Melted . | . . . . Intel | -11 -10 -10 -10 ------- Run | Yrd Mat Min Sub Robot Analysis Total 1 | . 1 . . Derelict Logs Recovered 3 | . . 1 2 Drone Launches . | . . . . Drone Recoveries . | . . . . Exploration | -11 -10 -10 -10 ------------- Run | Yrd Mat Min Sub Turns Passed 9945 | 212 3145 2190 4398 Spaces Moved 3915 | 99 1198 884 1734 Core 8 | 8 . . . Treads 3907 | 91 1198 884 1734 Legs . | . . . . Wheels . | . . . . Hover . | . . . . Flight . | . . . . Fastest Speed 50 | 50 160 240 240 Average Speed 236 | 151 234 240 240 Slowest Speed 320 | 160 320 240 320 Overloaded Moves . | . . . . Propulsion Burnouts . | . . . . Robots Hopped . | . . . . Cave-ins Triggered . | . . . . Exploration Rate (%) 69 | 4 98 107 70 Regions Visited 3 Branch Regions 2 Pre-discovered Areas . | . . . . Known Exits Taken 2 | . 1 1 . Unknown Exits Taken 1 | 1 . . . Scrap Searched 11 | . . 1 10 Spaces Dug . | . . . . Terrain Destroyed 43 | . 12 . 31 Melee . | . . . . Projectile . | . . . . AOE 43 | . 12 . 31 Terrain Rammed . | . . . . Walls Destroyed . | . . . . Machines Disabled . | . . . . Actions | -11 -10 -10 -10 --------- Run | Yrd Mat Min Sub Total 4317 | 132 1390 920 1875 Wait 94 | . 49 4 41 Move 3912 | 98 1197 883 1734 Hop . | . . . . Pick Up 65 | 10 31 7 17 Fast Attach 1 | 1 . . . Attach 32 | 7 11 1 13 Detach 4 | . 4 . . Swap 17 | . 4 3 10 Drop 32 | 1 13 5 13 Fire 157 | 15 78 17 47 Melee 2 | . 2 . . Ram . | . . . . Kick . | . . . . Crush 1 | . 1 . . Escape Stasis . | . . . . Rewire . | . . . . Trap . | . . . . Miscellaneous . | . . . . Route ------- -11/Scrapyard -10/Materials (discovered 4 exits: *Mat x3 / *Min) -10/Mines (discovered 3 exits: *Mat x2 / *Sub) -10/Subcaves (discovered 3 exits: *Mat x2 / *Rec) History --------- Turn | Location | Event 9 | -11/Scrapyard | Discovered new exit (range 15) 213 | -11/Scrapyard | Entered Materials 306 | -10/Materials | Build established: Mutant 555 | -10/Materials | Discovered new exit (range 18) 1508 | -10/Materials | Discovered new exit (range 17) 1858 | -10/Materials | Repaired Assault Rifle 2159 | -10/Materials | Discovered new exit (range 13) 3067 | -10/Materials | Discovered new exit (range 15) 3356 | -10/Materials | Identified exit to Mines 3358 | -10/Materials | Entered Mines 3758 | -10/Mines | Build established: Scavenger-Mutant 3908 | -10/Mines | Core integrity fell below 50% 4217 | -10/Mines | Discovered new exit (range 12) 4241 | -10/Mines | Learned 2 Materials zone layouts 4287 | -10/Mines | Identified exit to Materials 4438 | -10/Mines | Discovered new exit (range 10) 4462 | -10/Mines | Identified exit to Subcaves 4493 | -10/Mines | Discovered exit to Materials (range 13) 5548 | -10/Mines | Entered Subcaves 5886 | -10/Subcaves | Ambushed by swarm of Subdwellers 5936 | -10/Subcaves | Lost 3 allies 6258 | -10/Subcaves | Build established: Mutant 6266 | -10/Subcaves | Disturbed a concealed Subdweller 6688 | -10/Subcaves | Build established: Scavenger-Mutant 6710 | -10/Subcaves | Visited Clippyterm 7242 | -10/Subcaves | Identified exit to Recycling 7268 | -10/Subcaves | Shifting Twisted Machinery released Battle Cannon 7317 | -10/Subcaves | Discovered new exit (range 13) 7353 | -10/Subcaves | Identified exit to Materials 7412 | -10/Subcaves | Shifting Twisted Machinery released Sub. Power Source 7681 | -10/Subcaves | Shifting Twisted Machinery released Sub. Optics 7683 | -10/Subcaves | Shifting Twisted Machinery released Battle Rifle 7687 | -10/Subcaves | Discovered exit to Materials (range 6) 7799 | -10/Subcaves | Core integrity fell below 20% 8226 | -10/Subcaves | Build established: Mutant 9743 | -10/Subcaves | Learned Materials emergency access door positions 9946 | -10/Subcaves | Destroyed by AG-GVO(R) with Subdweller Machine Gun Last Messages --------------- 09858_ Found Sub. Machine Gun. 09858_ Found 29 Matter. 09859_ Acquired 29 matter. 09882_ Triggered Piercing Trap. 09882_ Spikes shoot up from the floor. 09882_ Critical hit (Impale). 09882_ Lgt. Treads destroyed. 09885_ Searching scrap... 09885_ Found Mak. Power Source. 09885_ Found 32 Matter. 09886_ Acquired 21 matter. 09888_ Searching scrap... 09888_ Found Battle Rifle. 09888_ Found 22 Matter. 09895_ Acquired Battle Rifle. 09922_ Lgt. Treads destroyed. 09924_ 8L-LJ5(R) destroyed. 09928_ Lgt. Armor Plating destroyed. 09934_ Battle Rifle destroyed. 09944_ Lgt. Nuclear Core destroyed. Map ----- +----------------------------------------------------+ | ???????????????????#""X""#???????????????????????? | | ???#######?????????#" "#???????????????????????? | | ??## # # ####??####### ###???????????????????????? | | ?## " ####"# ### ###???????????????????????? | | ?# """ " " # #???????????????????????? | | ### ""#"## #"# % ##??????????????????????? | | ## "##### # # ## ##?????????????????????? | | ##??## #?#######?????????????? | | ###### ##### ### ##????????? #?? | | """ #" #" ##??###### #????????? ? | | " " " " #???????# #??????????? | | """##"#"#"""###???????#### ####???????????# | | ##########????????????## ##??????????????? | | ##?????????????????????## #???????????????? | | #??????????????????????## #??????#####????? | | ##??????????????????????#####?????## #????? | | #???????????????????????????????## ##???? | | #???????????????????????????????# ##### | | ### #???????????????????????????????# ## | | ??# ##???????????????????????????????## | | ??# #?????????????????????????"??? ??## | | ?## #???????????????????????"X" "!#??### | | ?# #????????????????##### #??????## | | ?## #????????????????#<&!/ ####????#### # | | ?# ##????????????????#%R########??#&#??????# | | ?## #????????????????#<@####???#### #??????## | | ?# #????????????????# !%%"##### ["#??????# # | | ?## #????????????????#< * # ##??????## # | | ?# #????????????????##< ##""#???????## | | ?# ##????????????????##<<<## "######??#### | | ?# ##??????????????#######" #### ##?# | | ?# #??????????????# ### < ## ### | | ?## ##?????????????# ## | | ?# #?????????????#% ## | | ?# #???????????### ### # | | ?## ######??????# ## # | | ??# ##???### ### ### | | ??## ##### ##?## #?##### ! | | ???###### % % # ##?## ####??# | | ???????## ## % ### #?# | | ??????## % ### ##?# ## | | ??????# ## ##?# ### #??# ## | | ??????## ## ###??# #####?## ##?# ##? | | ??????## #?#????## ##?????### #?# #?? | | ??????# #???????## #???????## #?# #?? | | ??????### ##????????# ###??????## ### #?? | | ????????# #???####### % #???????###### ##?? | | ????????# #??## # # #???????????# ???? | | ????????# #### % ##?????????? ???? | | ????????## ## ## #?????????? ##???? | +----------------------------------------------------+ Best States ------------- Heat Dissipation 25 Energy Generation 15 Energy Capacity 265 Matter Stores 300 Matter Capacity 300 Sight Range 18 Robot Scan Range 14 Terrain Scan Range 16 Terrain Scan Density 10 Armor Coverage 150 Evasion (%) 40 Recoil Reduction 2 Offensive Hacking 10 Item Schematics ----------------- None Robot Schematics ------------------ None Fabricated ------------ Nothing Alien Tech Used ----------------- None Achievements -------------- None Challenges ------------ None Game ------ Seed MachineHelicalBattery Manual? 0 Play Time 00:53:57 Cumulative 8.3 hours Start 2024.04.03 @ 23:04:22 End 2024.04.03 @ 23:58:05 Sessions 1 Manual Loads 0 Difficulty Rogue Special Mode None Game No. 5 Rogue 5 Adventurer 0 Explorer 0 Win Type - Total 0 Types 0/0/0/0/0/0/0/0/0 Lore% 12 Gallery% 12 Achievement% 12 Wizard Run 0 Options --------- Layout 1 ASCII 0 Keyboard 0 Movement Mouse Keybinds 0 Fullscreen 1 Font 32/SmallcapsGlow Map View 50x35 Zoom Use 0% Tactical HUD 1 Map Filters NONE Filters NONE Steam 0 RUN: 85ee99d1-f97f-4b18-92b4-87a304b13ab5